 Dungeon Crawl Stone Soup version 0.17-a0-1141-g3e25b61 (webtiles) character file.

22 Hanyuu the Insei (level 2, -5/18 HPs)
             Began as an Octopode Transmuter on May 26, 2015.
             Slain by Natasha (7 damage)
             ... on level 2 of the Dungeon.
             The game lasted 00:02:07 (1214 turns).

Hanyuu the Insei (Octopode Transmuter)              Turns: 1214, Time: 00:02:08

Health: -5/18      AC:  1    Str:  9    XL:     2   Next: 91%
Magic:  5/5        EV: 12    Int: 15    God:
Gold:   48         SH:  0    Dex: 12    Spells: 1 memorised, 4 levels left

rFire  . . .     SeeInvis .       - Unarmed
rCold  . . .     Clarity  .     (no shield)
rNeg   . . .     SustAt   .     (helmet restricted)
rPois  .         Gourm    .     (no amulet)
rElec  .         Spirit   .     (no ring)
rCorr  .         Warding  .     (no ring)
rMut   .         Stasis   .     (no ring)
MR     .....                    (no ring)
Stlth  ++........               (no ring)
                                (no ring)
                                (no ring)
                                (no ring)

@: slowed, very slow, not resistant to hostile enchantments, unstealthy
A: almost no armour, amphibious, 8 rings, constrict 8, camouflage 1, gelatinous
body 1
a: no special abilities


You were on level 2 of the Dungeon.
You were not hungry.

You visited 1 branch of the dungeon, and saw 2 of its levels.

You collected 48 gold pieces.

Inventory:

Missiles
 a - 12 arrows
Jewellery
 e - an uncursed ring of ice
Scrolls
 d - 3 scrolls of blinking {unknown}
 f - a scroll of identify {unknown}
 h - a scroll of enchant armour {unknown}
 k - a scroll of teleportation {unknown}
Potions
 g - a potion of lignification {unknown}
 i - a potion of heal wounds {unknown}
 j - a potion of might {unknown}
Books
 b - a book of Changes

   Spells                             Type                      Level
   a - Beastly Appendage              Transmutation                1
   b - Sticks to Snakes               Transmutation                2
   c - Spider Form                    Transmutation/Poison         3
   d - Ice Form                       Ice/Transmutation            4
   e - Blade Hands                    Transmutation                5
Comestibles
 c - a bread ration
 l - a chunk of flesh


   Skills:
 - Level 1.0 Fighting
 - Level 2.0 Dodging
 + Level 4.0 Unarmed Combat
 - Level 2.0 Spellcasting
 - Level 2.0 Transmutations


You had 4 spell levels left.
You knew the following spells:

 Your Spells              Type           Power        Failure   Level  Hunger
a - Beastly Appendage     Trmt           #.....       12%         1    #......


Dungeon Overview and Level Annotations

Branches:
Dungeon (2/15)

Altars:

Annotations:
D:2 Natasha


Innate Abilities, Weirdness & Mutations

You cannot wear most types of armour.
You are amphibious.
You can wear up to eight rings at the same time.
You can use your tentacles to constrict eight enemies at once.
Your skin changes colour to match your surroundings (Stealth).
Your rubbery body absorbs attacks (AC +1).


Message History

Natasha is moderately wounded.
You constrict the crimson imp.
Natasha casts a spell.
Suddenly you are surrounded with a pale green light.
Natasha claws you. The crimson imp hits you. Natasha completely misses you.
The crimson imp closely misses you.
You tentacle-slap Natasha. You grab Natasha.
Natasha is heavily wounded.
You constrict Natasha, but do no damage.
You constrict the crimson imp. Natasha misses you.
The crimson imp barely misses you.
You barely miss Natasha. Your squeeze misses Natasha.
Natasha is heavily wounded.
You constrict Natasha, but do no damage.
You constrict the crimson imp.
Natasha mumbles some strange words.
The crimson imp hits you.
* * * LOW HITPOINT WARNING * * *
Natasha claws you!
You die...

.# . ##. #..
# #.# #. #.#
# ##.##5##.#
..##...#@h..#
.......<5.###
$.##...##.#
##.# .# #. ..
# .## .# .#
.#


You could see Natasha, a crimson imp and a white imp.

Vanquished Creatures
  2 giant geckos (D:1)
  A ball python (D:1)
  A giant cockroach (D:1)
  A hobgoblin (D:1)
  4 bats (D:1)
  2 giant newts (D:1)
  5 goblins (D:1)
  4 rats (D:1)
20 creatures vanquished.

Notes
Turn   | Place    | Note
--------------------------------------------------------------
     0 | D:1      | Hanyuu the Octopode Transmuter began the quest for the Orb.
     0 | D:1      | Reached XP level 1. HP: 13/13 MP: 3/3
   216 | D:1      | Reached XP level 2. HP: 13/18 MP: 5/5
   901 | D:1      | Reached skill level 4 in Unarmed Combat
  1207 | D:2      | Noticed Natasha
  1214 | D:2      | Slain by Natasha

Vault maps used:
D:1:      dpeg_arrival_line_fractal, serial_forest,
          infiniplex_forest_clump_tiny, infiniplex_forest_straight_5,
          infiniplex_forest_clump_tiny, infiniplex_forest_lined_corner,
          infiniplex_forest_clump_diagonal, infiniplex_forest_straight_3,
          infiniplex_forest_clump_cross, infiniplex_forest_clump_small,
          infiniplex_forest_diagonal
D:2:      uniq_natasha, uniq_sigmund

Action                   || total
-------------------------++-------
Melee: Unarmed           ||    55
 Stab: Sleeping          ||     2
  Eat: Chunk             ||     1
